 Dungeon Crawl Stone Soup version 0.19.5 (webtiles) character file.

79 Inarius the Shield-Bearer (level 4, -4/40 HPs)
             Began as a Minotaur Fighter on Apr 10, 2017.
             Was an Initiate of Qazlal.
             Slain by Crazy Yiuf
             ... wielding a +3 quarterstaff of chaos
              (16 damage)
             ... on level 2 of the Dungeon.
             The game lasted 00:07:08 (1862 turns).

Inarius the Shield-Bearer (Minotaur Fighter)        Turns: 1862, Time: 00:07:08

Health: -4/40      AC:  7    Str: 21    XL:     4   Next: 16%
Magic:  0/3        EV:  7    Int:  5    God:    Qazlal [......]
Gold:   39         SH:  9    Dex: 10    Spells: 0 memorised, 3 levels left

rFire  . . .     SeeInvis .     a - +0 war axe
rCold  . . .     Gourm    .     b - +0 scale mail
rNeg   . . .     Faith    .     c - +0 shield
rPois  .         Spirit   .     (helmet restricted)
rElec  .         Reflect  .     (no cloak)
rCorr  .         Harm     .     (no gloves)
MR     .....                    (no boots)
Stlth  ..........               (no amulet)
                                (no ring)
                                (no ring)

@: lethally poisoned (-4 -> -9), flying, drained
A: retaliatory headbutt, horns 2
a: Renounce Religion


You were on level 2 of the Dungeon.
You worshipped Qazlal.
Qazlal was noncommittal.
You were not hungry.

You visited 1 branch of the dungeon, and saw 2 of its levels.

You collected 39 gold pieces.

Inventory:

Hand Weapons
 a - a +0 war axe (weapon)
Armour
 b - a +0 scale mail (worn)
 c - a +0 shield (worn)
Wands
 p - a wand of lightning (3/15)
Scrolls
 d - a scroll of blinking {unknown}
 e - 4 scrolls of identify {unknown}
 h - a scroll of random uselessness {unknown}
 m - a scroll of recharging {unknown}
 o - a scroll of noise {unknown}
 q - 2 scrolls of teleportation {unknown}
Comestibles
 f - 2 bread rations
 g - 4 meat rations
 k - 3 fruits
 r - a royal jelly


   Skills:
 + Level 4.1(3.6) Fighting
 + Level 3.7(3.2) Axes
 + Level 4.2(3.7) Armour
 + Level 0.4(0.0) Dodging
 + Level 4.3(3.8) Shields


You had 3 spell levels left.
You didn't know any spells.

Dungeon Overview and Level Annotations

Branches:
Dungeon (2/15)

Altars:
Qazlal

Annotations:
D:2 Crazy Yiuf


Innate Abilities, Weirdness & Mutations

You reflexively headbutt those who attack you in melee.
You have a pair of horns on your head.


Message History

Crazy Yiuf hits you with a quarterstaff of chaos!
Crazy Yiuf burns you.
You feel sick.
There is an open door, spattered with blood here.
You bump into the tree.
You feel sick.
Crazy Yiuf hits you with a quarterstaff of chaos!
You feel your power leaking away.
You bump into the stone wall.
You feel less invigorated.
You feel less confused.
Crazy Yiuf hits you with a quarterstaff of chaos.
You feel your power leaking away.
You hit Crazy Yiuf but do no damage. Your headbutt misses Crazy Yiuf.
Crazy Yiuf is heavily wounded.
You feel sick.
Crazy Yiuf hits you with a quarterstaff of chaos!
You feel your power leaking away.
Crazy Yiuf hits you with a quarterstaff of chaos.
* * * LOW HITPOINT WARNING * * *
Space warps horribly around you!
You die...

.###...............>.........#..#
##.......#..####..#.#.###.##.#..#
.###........# #..#.............#
...###...#### #############.#..#
.....###..# #....... ..........#
♣♣♣♣♣##...#..# ###.....#.#
#####♣♣♣.♣..#....#..# .##.###.#.#
#...#♣..♣......#.#..# ......>...#
#..g@.♣♣♣♣.......#..# ....###.#.#
#)..#♣♣ ♣♣.#....#..# .##.###.#.#
##### ♣♣##....... .......<#.#
###.#... .##.#.....# #.....
.##.###.#.# ######## #######.#
.##.###.#.######.##...###.#####.#
................................#
.##.........................###.#


You could see Crazy Yiuf.

Vanquished Creatures
  3 adders (D:2)
  An ooze (D:2)
  A dart slug (D:1)
  A leopard gecko (D:1)
  A ball python (D:1)
  8 bats
  3 goblins
  6 hobgoblins
  2 quokkas (D:2)
  6 frilled lizards
  6 kobolds
  6 rats
44 creatures vanquished.

Notes
Turn   | Place    | Note
-------+----------+-------------------------------------------
     0 | D:1      | Inarius the Minotaur Fighter began the quest for the Orb.
     0 | D:1      | Reached XP level 1. HP: 19/19 MP: 0/0
   217 | D:1      | Reached XP level 2. HP: 27/27 MP: 1/1
   671 | D:2      | Reached XP level 3. HP: 10/33 MP: 2/2
  1180 | D:2      | Found a stormy altar of Qazlal.
  1187 | D:2      | Became a worshipper of Qazlal Stormbringer
  1422 | D:2      | Found a runed door.
  1466 | D:2      | Reached XP level 4. HP: 32/40 MP: 3/3
  1850 | D:2      | Noticed Crazy Yiuf
  1862 | D:2      | Slain by Crazy Yiuf

Skill      XL: |  1  2  3 |
---------------+----------+-----
Shields        | 4 |  4.3
Armour         | 4 |  4.2
Fighting       | 4 |  4.1
Axes           | 3 |  3.7
Dodging        | |  0.4

Action                   |  1- 3 |  4- 6 || total
-------------------------+-------+-------++-------
Melee: War axe           |   115 |    13 ||   128
       Headbutt          |    15 |     2 ||    17
  Use: Potion            |     1 |     3 ||     4
  Eat: Chunk             |     2 |     1 ||     3
Armor: Scale mail        |    64 |     2 ||    66
Dodge: Dodged            |    46 |     2 ||    48
Block: Shield            |    73 |     6 ||    79
